AoeStats
← brule.jeremie

Arabia

509305686Analyzed
2v2 RM · 6d ago on Sep 26, 2026· 30m 50s· 4 players
Game mode
Random Map
Map size
Medium (4 player)
Population
200
Speed
Normal
Resources
Standard
Victory
Conquest
Starting age
Dark Age
Ending age
Imperial Age
RankedLock teamsTeams togetherTeam positionsShared explorationLock speedFull tech treeHidden civsTurbo modeCheats
Victory
Defeat
🇨🇳 Varangians · China
823
+15
🇨🇳 Spanish · China
822
+14
🇮🇹 Romans · Italy
806
-15
🇫🇷 Huns · France
780
-14
Canovaking
12:19 Feudal Age
10:36 Loom
12:44 Double-Bit Axe
12:43 Horse Collar
14:01 Town Watch
15:31 Wheelbarrow
14:41 Town Watch
15:33 Gold Mining
17:32 Scale Mail Armor
16:56 Man-at-Arms
21:58 Castle Age
22:59 Hand Cart
22:48 Heavy Plow
23:00 Bow Saw
23:43 Town Patrol
25:19 Chain Mail Armor
25:16 Forging
26:11 Pikeman
26:51 Squires
26:47 Long Swordsman
28:07 Iron Casting
brule.jeremie
11:12 Feudal Age
11:42 Double-Bit Axe
12:12 Horse Collar
14:29 Loom
15:06 Forging
22:01 Castle Age
20:07 Gold Mining
24:10 Bow Saw
24:03 Heavy Plow
25:33 Wheelbarrow
24:58 Fletching
25:44 Iron Casting
25:15 Town Watch
25:25 Stone Mining
26:38 Gold Shaft Mining
27:54 Elite Skirmisher
29:41 Hand Cart
29:32 Bodkin Arrow
29:38 Padded Archer Armor
俯瞰天空
11:38 Feudal Age
15:54 Castle Age
15:25 Double-Bit Axe
15:22 Horse Collar
18:06 Bow Saw
27:14 Husbandry
27:25 Bloodlines
28:54 Forging
28:51 Scale Barding Armor
1850029382
12:54 Feudal Age
13:25 Loom
14:37 Double-Bit Axe
20:56 Castle Age
19:29 Horse Collar
20:18 Gold Mining
28:27 Forging
Connection lost

Rejoining the realm…

Still unreachable

The connection could not be restored.

Session expired

The server has moved on; the page needs a fresh start.